 Dungeon Crawl Stone Soup version 0.31-a0-214-gb37851dbb3 (webtiles) character file.

Game seed: 1941935299689004621

2010 Brandom the Trooper (level 9, -3/72 HPs)
             Began as a Mummy Cinder Acolyte on July 1, 2023.
             Was an Initiate of Kikubaaqudgha.
             Slain by a fire elemental (15 damage)
             ... created by the fiery vengeance of Ignis
             ... on level 7 of the Dungeon.
             The game lasted 00:34:05 (6607 turns).

Brandom the Trooper (Mummy Cinder Acolyte)          Turns: 6607, Time: 00:34:06

Health: -3/72      AC: 13    Str: 17    XL:     9   Next: 2%
Magic:  0/12       EV: 12    Int: 25    God:    Kikubaaqudgha [......]
Gold:   370        SH:  0    Dex:  8    Spells: 4/12 levels left

rFire   x . .        m - +2 war axe (flame)
rCold   + . .        (no shield)
rNeg    + + +        U - +0 acid dragon scales
rPois   ∞            (no helmet)
rElec   .            (no cloak)
rCorr   +            i - +1 pair of gloves
SInv    .            N - +0 pair of boots of Eternal Vigilance {Int+2}
Will    +....        c - amulet of guardian spirit
Stlth   +            n - +4 ring of protection
HPRegen 0.32/turn    M - +6 ring of intelligence
MPRegen 0.13/turn

%: guardian spirit, faith
@: no status effects
A: cold resistance 1, negative energy resistance 3, torment resistance 2, heat
vulnerability 1, in touch with death 1, no potions, faith
a: Renounce Religion


You were on level 7 of the Dungeon.
You worshipped Kikubaaqudgha.
Kikubaaqudgha was noncommittal.
You visited 2 branches of the dungeon, and saw 8 of its levels.

You collected 370 gold pieces.

Inventory:

Hand Weapons
 a - a +0 falchion of flaming
 m - a +2 war axe of flaming (weapon)
   (You took it off Maggie on level 6 of the Dungeon)
 p - a +2 whip of venom
   (You found it on level 2 of the Dungeon)
 s - the +0 dagger "Bingo" {spect, Contam Int+3 SInv Stlth+}
   (You found it on level 2 of the Dungeon)

   Int:       It affects your intelligence (+3).
   SInv:      It lets you see invisible.
   Contam:    It causes magical contamination when unequipped.
   Stlth:     It makes you more stealthy.
 B - a +1 whip of flaming
   (You found it on level 4 of the Dungeon)
 R - a +5 falchion
   (You took it off Eustachio on level 6 of the Dungeon)
Missiles
 H - 7 poisoned darts (quivered)
Armour
 b - a +0 robe
 g - a +0 scale mail
   (You found it on level 1 of the Dungeon)
 i - a +1 pair of gloves (worn)
   (You found it on level 1 of the Dungeon)
 k - a +0 robe
   (You found it on level 4 of the Dungeon)
 l - a +0 scale mail
   (You found it on level 1 of the Dungeon)
 o - a +0 robe
   (You found it on level 1 of the Dungeon)
 q - a +0 robe
   (You found it on level 4 of the Dungeon)
 u - a +0 ring mail
   (You found it on level 3 of the Dungeon)
 w - a +0 ring mail
   (You took it off an orc on level 3 of the Dungeon)
 y - a +0 ring mail
   (You found it on level 3 of the Dungeon)
 A - a +0 ring mail
   (You took it off an orc on level 4 of the Dungeon)
 D - a +0 robe
   (You found it on level 5 of the Dungeon)
 F - a +0 robe
   (You found it on level 2 of the Dungeon)
 G - a +0 robe
   (You took it off Dowan on level 5 of the Dungeon)
 N - the +0 pair of boots of Eternal Vigilance (worn) {Int+2}
   (You acquired it on level 7 of the Dungeon)

   Int:       It affects your intelligence (+2).
 P - a +0 robe
   (You took it off an orc wizard on level 6 of the Dungeon)
 Q - a +3 leather armour of positive energy
   (You took it off Eustachio on level 6 of the Dungeon)
 S - a +0 ring mail
   (You found it on level 6 of the Dungeon)
 U - +0 acid dragon scales (worn)
   (You took it off Maggie on level 6 of the Dungeon)
 V - a +0 ring mail
   (You found it on level 4 of the Dungeon)
Magical Staves
 e - a staff of conjuration {!a}
   (You found it on level 1 of the Dungeon)
Jewellery
 c - an amulet of guardian spirit (around neck)
   (You found it on level 1 of the Dungeon)
 n - a +4 ring of protection (left hand)
   (You found it on level 1 of the Dungeon)
 z - a ring of ice
   (You found it on level 3 of the Dungeon)
 M - a +6 ring of intelligence (right hand)
   (You found it on level 6 of the Dungeon)
Wands
 d - a wand of roots (10)
   (You found it on level 7 of the Dungeon)
 t - a wand of flame (61)
   (You took it off Duvessa on level 5 of the Dungeon)
 E - a wand of polymorph (7)
   (You found it on level 6 of the Dungeon)
Scrolls
 f - 4 scrolls of teleportation {@r4}
 j - a scroll of fear
 r - a scroll of blinking
 C - a scroll of revelation
 J - a scroll of amnesia {unknown}
 L - a scroll of enchant weapon


   Skills:
 + Level 7.0 Fighting
 - Level 2.6 Long Blades
 + Level 0.6 Axes
 + Level 5.0 Dodging
 - Level 2.0 Spellcasting
 + Level 5.6 Necromancy
 - Level 2.0 Transmutations
 - Level 3.0 Fire Magic
 + Level 2.0 Earth Magic


You had 4 spell levels left.
You knew the following spells:

 Your Spells              Type           Power      Damage    Failure   Level
a - Scorch                Fire           34%        2d6       7%          2
b - Sandblast             Erth           24%        2d8       7%          1
c - Passwall              Tmut/Erth      10%        N/A       10%         2
q - Vampiric Draining     Necr           46%        2d9       4%          3

Your spell library contained the following spells:

 Spells                   Type           Power      Damage    Failure   Level
 Foxfire                  Conj/Fire      40%        2x1d6     9%          1
 Slow                     Hex            8%         N/A       16%         1
 Stone Arrow              Conj/Erth      14%        3d7       30%         3
 Confusing Touch          Hex            2%         N/A       41%         3
 Frozen Ramparts          Ice            4%         1d1       41%         3
 Petrify                  Tmut/Erth      12%        N/A       54%         4
 Summon Ice Beast         Ice/Summ       2%         N/A       83%         4
 Borgnjor's Vile Clutch   Necr/Erth      16%        N/A       65%         5
 Fireball                 Conj/Fire      5%         3d5       92%         5
 Alistair's Intoxication  Tmut/Pois      4%         N/A       95%         5
 Irradiate                Conj/Tmut      3%         3d12      95%         5
 Eringya's Noxious Bog    Tmut/Pois      3%         N/A       100%        6
 Plasma Beam              Fire/Air       5%         2x1d15    100%        6
 Starburst                Conj/Fire      5%         6d4       100%        6
 Sublimation of Blood     Necr           Unusable   N/A       N/A         2
 Ice Form                 Ice/Tmut       Unusable   N/A       N/A         4

Dungeon Overview and Level Annotations

Branches:
Dungeon (7/15)             Temple (1/1) D:5

Altars:
Ashenzari
Cheibriados
Dithmenos
Hepliaklqana
Kikubaaqudgha
Makhleb
Nemelex Xobeh
Okawaru
Qazlal
Ru
Sif Muna
Trog
Uskayaw
Vehumet
Xom

Shops:
D:2 [(   D:6 *

Annotations:
D:2 1 runed translucent door, Crazy Yiuf
D:5 Pikel


Innate Abilities, Weirdness & Mutations

You are immune to poison.
Your flesh is cold resistant. (rC+)
You are immune to negative energy. (rN+++)
You are immune to unholy pain and torment.
You are vulnerable to heat. (rF-)
You are in touch with the powers of death.
You do not drink.
You have a special connection with the divine. (Faith)


Message History

An ogre and 2 orcs come into view.
Found a dagger and a scroll of fear.
Found a stone staircase leading down.
The ogre shouts!
The orc shouts! x2
The ogre barely misses you.
As you read the scroll of fear, it crumbles to dust.
You assume a fearsome visage.
The ogre looks frightened!
The orc looks frightened! x2
Found a yellow potion.
You start resting.
An ogre is nearby!
Found 11 gold pieces.
Press: ? - help, Shift-Dir - straight line, f - orc
Aim: an orc, wielding a +0 dagger (82% to hit)
The blast of sand hits the orc!
You kill the orc!
Kikubaaqudgha accepts your kill.
You can't see any susceptible monsters within range! (Use Z to cast anyway.) Unknown command.
Found a stone staircase leading down.
You can't see any susceptible monsters within range! (Use Z to cast anyway.) Unknown command.
Press: ? - help, Shift-Dir - straight line, f - orc
Aim: an orc, wielding a +0 short sword (82% to hit)
The blast of sand hits the orc!
You kill the orc!
Kikubaaqudgha accepts your kill.
Okay, then.
Press: ? - help, Shift-Dir - straight line, f - ogre
Aim: an ogre, wielding a +0 giant club (91% to hit)
The blast of sand hits the ogre!
You see here a +0 short sword.
A bullfrog comes into view.
The bullfrog gives a loud, deep croak!
As you read the scroll of teleportation {@r4}, it crumbles to dust.
You feel strangely unstable. The ogre attacks as you move away!
The ogre barely misses you.
Your surroundings suddenly seem different.
The fire elemental closely misses you. The fire elemental barely misses you.
The fire elemental hits you. The fire elemental burns you!
The fire burns you terribly!
* * * LOW HITPOINT WARNING * * *
The fire elemental hits you. The fire elemental burns you!
The fire burns you terribly!
* * * LOW HITPOINT WARNING * * *
There is a stone staircase leading up here.
The fire elemental hits you. The fire elemental burns you!
The fire burns you terribly!
You die...
Kikubaaqudgha rasps: "You have failed me!
Welcome... oblivion!"

......#####.o.......#
......##.o{.E.....#
.........oEE##....#
...........###...##
..........###....#
.........####....#
..........##.....#
................###
.............○○E@.#
.............##........#
............######......
>........#..# ..####
.........##.# .#
........###.# .#
........# ##. #
......### .# ....### ##


You could see a fire elemental.

Vanquished Creatures
  Maggie (D:6)
  Prince Ribbit (D:5)
  Eustachio (D:6)
  Duvessa (D:5)
  An orc warrior (D:6)
  An ice beast (D:5)
  A sky beast (D:7)
  A black bear (D:4)
  2 ogres (D:4)
  A centaur (D:6)
  A phantom (D:4)
  A scorpion (D:5)
  Dowan (D:5)
  A jelly (D:6)
  4 hounds
  2 sleepcaps
  4 iguanas
  An orc wizard (D:6)
  6 gnolls
  3 adders
  A white imp (D:6)
  2 ufetubi (D:5)
  2 dart slugs
  13 orcs
  4 ball pythons
  4 endoplasms
  4 giant cockroaches
  6 goblins
  8 hobgoblins
  4 quokkas
  4 bats
  4 kobolds
  7 rats
98 creatures vanquished.

Vanquished Creatures (others)
  75 foxfires
75 creatures vanquished.

Grand Total: 173 creatures vanquished

Notes
Turn   | Place    | Note
-------+----------+-------------------------------------------
     0 | D:1      | Brandom the Mummy Cinder Acolyte began the quest for the
                  | Orb.
     0 | D:1      | Reached XP level 1. HP: 18/18 MP: 2/2
   235 | D:1      | Reached XP level 2. HP: 24/24 MP: 4/4
   732 | D:2      | Learned a level 2 spell: Scorch
   813 | D:2      | Found a faded altar of an unknown god.
  1000 | D:2      | Found Hiapal's Armour Shop.
  1277 | D:2      | Gained mutation: You are in touch with the powers of death.
                  | [Mummy growth]
  1277 | D:2      | Reached XP level 3. HP: 29/29 MP: 6/6
  1294 | D:2      | Found a burning altar of Makhleb.
  1365 | D:2      | Found Nemauly's Weapon Boutique.
  1369 | D:2      | Identified the +0 dagger "Bingo" {spect, Contam Int+3 SInv
                  | Stlth+}
  1452 | D:2      | Found a runed translucent door.
  1453 | D:2      | Noticed Crazy Yiuf
  1722 | D:3      | Reached skill level 1 in Dodging
  1802 | D:3      | Reached XP level 4. HP: 35/35 MP: 7/7
  2943 | D:4      | Reached skill level 4 in Fighting
  2943 | D:4      | Reached skill level 1 in Necromancy
  2943 | D:4      | Reached XP level 5. HP: 41/42 MP: 8/8
  2947 | D:4      | Learned a level 3 spell: Vampiric Draining
  3280 | D:4      | Noticed a black bear
  3288 | D:4      | Killed a black bear
  3289 | D:4      | Reached XP level 6. HP: 49/49 MP: 9/9
  3380 | D:5      | Entered Level 5 of the Dungeon
  3695 | D:4      | Reached skill level 5 in Fighting
  3759 | D:5      | Noticed Prince Ribbit
  3767 | D:5      | Killed Prince Ribbit
  3768 | D:5      | Reached XP level 7. HP: 56/56 MP: 10/10
  3866 | D:5      | Noticed Pikel
  3969 | D:5      | Noticed Duvessa
  3971 | D:5      | Noticed Dowan
  3982 | D:5      | Killed Duvessa
  3983 | D:5      | Killed Dowan
  3984 | D:5      | Reached skill level 6 in Fighting
  3987 | D:5      | Reached XP level 8. HP: 51/64 MP: 7/11
  4096 | D:5      | Found a staircase to the Ecumenical Temple.
  4102 | Temple   | Entered the Ecumenical Temple
  4596 | D:6      | Found Owkuj's Assorted Antiques.
  4600 | D:6      | Learned a level 1 spell: Sandblast
  4603 | D:6      | Learned a level 2 spell: Passwall
  4621 | D:6      | Noticed a cyclops
  5165 | D:6      | Reached skill level 5 in Necromancy
  5319 | D:6      | Noticed Eustachio
  5334 | D:6      | Killed Eustachio
  5335 | D:6      | Reached skill level 1 in Transmutations
  5335 | D:6      | Reached skill level 1 in Earth Magic
  5537 | D:6      | Noticed Maggie
  5560 | D:6      | Killed Maggie
  5561 | D:6      | Reached skill level 5 in Dodging
  5778 | D:6      | Reached skill level 7 in Fighting
  6264 | Temple   | Fell from the grace of Ignis
  6264 | Temple   | Became a worshipper of Kikubaaqudgha
  6373 | D:7      | Reached XP level 9. HP: 50/72 MP: 7/12
  6450 | D:7      | Identified a scroll of acquirement
  6451 | D:7      | Acquired the +0 pair of boots of Eternal Vigilance {Int+2}
  6607 | D:7      | Slain by a fire elemental

Illustrated notes

Levels and vault maps discovered:
D:1:      dpeg_chamrin_arrival_tetris, layout_basic,
          chequers_serial_rivers_marsh, minmay_pentomino_s4
D:2:      layout_rooms, serial_shops, nicolae_shop_tiny_statue_garden,
          shop_fountains, hellmonk_ecumenical_altar_zigzags, serial_aquarium,
          aquarium_bridge_long_joined [aquarium_subvault_window,
          aquarium_subvault_bridge, aquarium_subvault_balcony,
          aquarium_subvault_bridge, aquarium_subvault_wall,
          aquarium_subvault_bridge], aquarium_window_fake, aquarium_window_1,
          aquarium_view_2d, aquarium_view_2a, aquarium_pool_S, basic_altar,
          kennysheep_path_1, uniq_crazy_yiuf_cottage
D:3:      layout_loops_cross, kennysheep_doodads, minmay_fountain_box
D:4:      cheibrodos_old_hovel, layout_rooms
D:5:      kennysheep_spiral_hall, layout_cave_pools,
          mainiacjoe_overflow_concentric_impassable, minmay_temple_entry_waves,
          uniq_duvessa, uniq_prince_ribbit1, uniq_pikel
D:6:      layout_loops_cross, serial_shops, shop, minmay_small_thing,
          uniq_eustachio, uniq_maggie
D:7:      layout_layer_cave, minmay_statues_item
Temple:   kb_temple_of_zot

Skill      XL: |  1  2  3  4  5  6  7  8 |
---------------+-------------------------+-----
Spellcasting   | 2 |  2.0
Dodging        | 1 2 3 4 5 |  5.0
Fire Magic     | 3 |  3.0
Fighting       | 4 5 6 7 |  7.0
Necromancy     | 1 2 3 4 5 |  5.6
Transmutations | 2 |  2.0
Earth Magic    | 2 |  2.0
Long Blades    | |  2.6
Axes           | |  0.6

Action                     |  1- 3 |  4- 6 |  7- 9 || total
---------------------------+-------+-------+-------++-------
  Melee: Falchion          |    86 |       |       ||    86
         Punch             |     1 |     1 |       ||     2
         Staff             |    34 |       |       ||    34
         Whip              |    32 |    51 |   104 ||   187
         Dagger            |    15 |   109 |       ||   124
         War axe           |       |       |    23 ||    23
  Throw: Dart              |     3 |    25 |    12 ||    40
   Cast: Scorch            |       |     2 |     4 ||     6
         Sandblast         |       |       |     3 ||     3
 Invoke: Foxfire Swarm     |       |     3 |     3 ||     6
         Fiery Armour      |       |     2 |     1 ||     3
         Rising Flame      |       |       |     1 ||     1
    Use: Scroll            |     3 |     5 |     7 ||    15
   Stab: Sleeping          |       |     3 |       ||     3
 Armour: Scale mail        |    66 |       |       ||    66
         Robe              |    24 |    59 |    55 ||   138
         Acid dragon scale |       |       |    12 ||    12
  Dodge: Dodged            |   114 |    77 |   104 ||   295

Table legend: (Time is in decaauts)
 A = Elapsed time spent in this place.
 B = Non-inter-level travel time spent in this place.
 C = Inter-level travel time spent in this place.
 D = Time resting spent in this place.
 E = Time spent auto-exploring this place.
 F = Levels seen in this place.
 G = Mean time per level.
                   A        B        C        D        E       F      G
               +--------+--------+--------+--------+--------+-----+--------+
         Total |   6655 |   6315 |    340 |    762 |   3773 |   8 |  831.9 |
       Dungeon |   6393 |   6080 |    313 |    762 |   3693 |   7 |  913.3 |
        Temple |    262 |    235 |     27 |      0 |     80 |   1 |  262.0 |
               +--------+--------+--------+--------+--------+-----+--------+

Top non-repeatable levels by time:
     D:6: 1538 daAuts
     D:2: 1121 daAuts
     D:3: 1112 daAuts
     D:5: 930 daAuts
     D:1: 700 daAuts
     D:4: 698 daAuts
     D:7: 291 daAuts
  Temple: 262 daAuts
